 Dungeon Crawl Stone Soup version 0.30-a0-42-g806c11bf1d (webtiles) character file.

Game seed: 18250469491530416277

107 QueenGhuleh the Chopper (level 4, -1/61 HPs)
             Began as a Minotaur Berserker on Aug 30, 2022.
             Was a Believer of Trog.
             Slain by an orc
             ... wielding a +0 trident
              (4 damage)
             ... on level 3 of the Dungeon.
             The game lasted 00:03:50 (1862 turns).

QueenGhuleh the Chopper (Minotaur Berserker)        Turns: 1862, Time: 00:03:51

Health: -1/61      AC:  5    Str: 23    XL:     4   Next: 56%
Magic:  3/3        EV: 11    Int:  4    God:    Trog [**....]
Gold:   70         SH:  0    Dex: 10    Spells: 3/3 levels left

rFire   . . .      SeeInvis .    a - +0 hand axe
rCold   . . .      Faith    .    (no shield)
rNeg    . . .      Spirit   .    g - +0 ring mail
rPois   .          Reflect  .    (helmet restricted)
rElec   .          Harm     .    (no cloak)
rCorr   .          Rampage  .    (no gloves)
Will    .....                    (no boots)
Stlth   ..........               (no amulet)
HPRegen 0.20/turn                (no ring)
MPRegen 0.08/turn                (no ring)

@: berserking (expiring), very quick
A: horns 2, retaliatory headbutt
a: Renounce Religion, Berserk, Trog's Hand


You were on level 3 of the Dungeon.
You worshipped Trog.
Trog was pleased with you.
You visited 1 branch of the dungeon, and saw 3 of its levels.

You collected 70 gold pieces.

Inventory:

Hand Weapons
 a - a +0 hand axe (weapon)
Armour
 g - a +0 ring mail (worn)
Jewellery
 l - a +4 ring of protection
Scrolls
 b - 2 scrolls of identify {unknown}
 c - 2 scrolls of teleportation {unknown}
 d - a scroll of torment {unknown}
 f - 2 scrolls of blinking {unknown}
 i - a scroll of poison {unknown}
Potions
 e - 5 potions of curing {unknown}
 h - 2 potions of mutation {unknown}
 j - a potion of degeneration {unknown}
 k - a potion of heal wounds {unknown}


   Skills:
 + Level 4.8 Fighting
 + Level 5.2 Axes
 + Level 2.9 Armour
 + Level 2.6 Dodging


You had 3 spell levels left.
You didn't know any spells.
Your spell library was empty.

Dungeon Overview and Level Annotations

Branches:
Dungeon (3/15)

Altars:

Shops:
D:1 :


Innate Abilities, Weirdness & Mutations

You have a pair of horns on your head.
You reflexively headbutt those who attack you in melee.


Message History

The orc barely misses you. You furiously retaliate!
You headbutt the orc.
The orc hits you from afar with a +0 trident!
You are too injured to fight recklessly!
You are too injured to fight recklessly!
You are too injured to fight recklessly!
Unknown command.
A red film seems to cover your vision as you go berserk!
You feel yourself moving faster!
You feel mighty! The orc barely misses you. The orc completely misses you.
The orc priest misses you.
You closely miss the orc.
The orc is heavily wounded.
The orc priest calls upon Beogh to heal the orc.
The orc's wounds heal themselves!
The orc closely misses you. x2
You closely miss the orc. The orc priest misses you.
The orc hits you from afar with a +0 trident.
The orc hits you with a +0 club.
You closely miss the orc. Your punch misses the orc. You hit the orc.
You kill the orc!
Trog accepts your kill. The orc barely misses you.
The orc priest hits you from afar with a +0 trident.
The orc misses you.
The orc priest hits you with a +0 trident.
* * * LOW HITPOINT WARNING * * *
Items here: ))) [ †.
You barely miss the orc. Your headbutt misses the orc. You hit the orc priest.
You hit the orc but do no damage. You slash the orc priest!
The orc priest hits you with a +0 trident.
* * * LOW HITPOINT WARNING * * *
The orc hits you with a +0 trident.
* * * LOW HITPOINT WARNING * * *
You hit the orc.
The orc is lightly wounded.
You closely miss the orc priest. The orc priest closely misses you.
You furiously retaliate!
You headbutt the orc priest!
You kill the orc priest!
Trog accepts your kill. The orc hits you with a +0 trident.
You die...

#.######.##...############
#.(......###.## ##########
#.# #.# #.# #####.####
#........# #...###.##.# #.
#.##@# .......o)...#
..#####.....# ##.⌠..#
#...# #..# #.# .#


You could see an orc.

Vanquished Creatures
  An orc priest (D:3)
  3 gnolls (D:2)
  2 adders
  3 orcs (D:3)
  5 ball pythons
  4 endoplasms
  A giant cockroach (D:1)
  10 hobgoblins
  4 jackals (D:1)
  2 quokkas (D:1)
  6 bats
  A frilled lizard (D:2)
  5 goblins (D:2)
  3 kobolds
  5 rats
55 creatures vanquished.

Notes
Turn   | Place    | Note
-------+----------+-------------------------------------------
     0 | D:1      | QueenGhuleh the Minotaur Berserker began the quest for the
                  | Orb.
     0 | D:1      | Reached XP level 1. HP: 19/19 MP: 0/0
   116 | D:1      | Found Xible's Vocational Training.
   183 | D:1      | Reached XP level 2. HP: 27/27 MP: 1/1
   221 | D:1      | Reached skill level 4 in Axes
   509 | D:1      | Found a faded altar of an unknown god.
   516 | D:1      | Reached XP level 3. HP: 29/34 MP: 2/2
   522 | D:1      | Reached ** piety under Trog
  1059 | D:2      | Reached XP level 4. HP: 38/41 MP: 3/3
  1315 | D:2      | Reached skill level 5 in Axes
  1861 | D:3      | HP: 2/61 [orc/+0 trident (5)]
  1862 | D:3      | Slain by an orc

Illustrated notes

Levels and vault maps discovered:
D:1:      amcnicky_arrival_double_pillar, layout_rooms,
          hellmonk_ecumenical_altar_heavens_door, minmay_splitting_lines,
          hangedman_decor_opposing, nicolae_shop_vocational
D:2:      layout_loops_corners
D:3:      layout_loops_corners, nicolae_overflow_ecumenical_swirl,
          portal_sewer_entry_e, columned_hall_lemuel, grunt_ministairs_10,
          minivault_19

Skill      XL: |  1  2  3  4 |
---------------+-------------+-----
Fighting       | 4 |  4.8
Axes           | 4 5 |  5.2
Armour         | |  2.9
Dodging        | |  2.6

Action                   |  1- 3 |  4- 6 || total
-------------------------+-------+-------++-------
Melee: Hand axe          |    56 |    36 ||    92
       Headbutt          |    10 |     5 ||    15
Invok: Berserk           |       |     1 ||     1
Armor: Animal skin       |     7 |       ||     7
       Ring mail         |     7 |     7 ||    14
Dodge: Dodged            |    45 |    28 ||    73

Table legend: (Time is in decaauts)
 A = Elapsed time spent in this place.
 B = Non-inter-level travel time spent in this place.
 C = Inter-level travel time spent in this place.
 D = Time resting spent in this place.
 E = Time spent auto-exploring this place.
 F = Levels seen in this place.
 G = Mean time per level.
                   A        B        C        D        E       F      G
               +--------+--------+--------+--------+--------+-----+--------+
         Total |   1865 |   1837 |     28 |      0 |   1578 |   3 |  621.7 |
       Dungeon |   1865 |   1837 |     28 |      0 |   1578 |   3 |  621.7 |
               +--------+--------+--------+--------+--------+-----+--------+

Top non-repeatable levels by time:
     D:2: 964 daAuts
     D:1: 756 daAuts
     D:3: 145 daAuts
